[Event "Titled Tuesday Blitz May 2 Early 2023"]
[White "Pujari, Rucha"]
[Black "Perez Gormaz, Matias"]
[WhiteFideId "5024528"]
[BlackFideId "3406342"]
[WhiteElo "2129"]
[BlackElo "2362"]
[Result "0-1"]
[Round "04"]
[TimeControl "180+2"]
[Date "2023.05.02"]
[WhiteClock "0:00:01"]
[BlackClock "0:00:08"]

1. d4 Nf6 2. c4 e6 3. Nf3 Bb4+ 4. Bd2 Bxd2+ 5. Qxd2 d5 6. Nc3 O-O 7. Qc2 Nc6 8. a3 dxc4 9. e3 Na5 10. Ne5 c5 11. Rd1 Qc7 12. Nxc4 Nxc4 13. Bxc4 a6 14. Ne4 Nxe4 15. Qxe4 cxd4 16. Rxd4 b5 17. Qxa8 Bb7 18. Qa7 Ra8 19. Qxa8+ Bxa8 20. Be2 Bxg2 21. Rg1 Bd5 22. Kd2 Qxh2 23. Rc1 g6 24. e4 Qxf2 25. Kd3 Bc4+ 26. Rcxc4 bxc4+ 27. Rxc4 h5 28. Rc6 h4 29. Rxa6 h3 30. Rc6 Qg3+ 31. Kd4 Qg1+ 32. Kd3 h2 33. Bf3 Qg3 34. Ke2 Qxf3+ 35. Kxf3 h1=Q+ 36. Ke3 Qg1+ 37. Kd3 Qb1+ 38. Kc3 Qc1+ 0-1


[Site "https://www.chess.com"]

[Event "Titled Tuesday Blitz May 2 Early 2023"]
[White "Bochnicka, Vladimir"]
[Black "Sakun, Volodymyr"]
[WhiteFideId "14943450"]
[BlackFideId "14114062"]
[WhiteElo "2094"]
[BlackElo "2318"]
[Result "1-0"]
[Round "04"]
[TimeControl "180+2"]
[Date "2023.05.02"]
[WhiteClock "0:00:11"]
[BlackClock "0:00:08"]

1. e4 c6 2. d4 d5 3. e5 c5 4. dxc5 Nc6 5. a3 Nxe5 6. b4 Nf6 7. Bb2 Nc6 8. Nf3 Bg4 9. Be2 e6 10. O-O Be7 11. Nbd2 O-O 12. h3 Bh5 13. Ne5 Bxe2 14. Qxe2 Nd7 15. Nxd7 Qxd7 16. Rfe1 a5 17. Qg4 g6 18. Rad1 axb4 19. axb4 Ra4 20. Bc3 Bxc5 21. Ne4 Be7 22. Nf6+ Bxf6 23. Bxf6 h6 24. c3 Kh7 25. h4 Ne7 26. Qf3 Ng8 27. Bd4 f6 28. h5 g5 29. Bc5 Rd8 30. c4 Ra6 31. b5 Raa8 32. cxd5 exd5 33. Qd3+ Kh8 34. Bd4 Qf7 35. Qf5 Re8 36. Bb2 Kg7 37. g4 Ne7 38. Qd3 Ra4 39. Bd4 Ng8 40. Ra1 Rxa1 41. Rxa1 Re4 42. f3 Re8 43. Ra7 Re7 44. Ra3 Rd7 45. Rc3 Ne7 46. b6 Qe6 47. Rc8 Qe1+ 48. Kg2 Nxc8 49. Qg6+ Kf8 50. Qxh6+ Ke8 51. Qg6+ Rf7 52. Qg8+ Ke7 53. Qxc8 Qd2+ 54. Bf2 f5 55. Qxb7+ Ke6 56. Qc8+ Ke5 57. b7 fxg4 58. b8=Q+ Kf6 59. Qxg4 d4 60. Qd6+ Kg7 61. Qdxd4+ Qxd4 62. Qxd4+ Kh6 63. Qd6+ Kxh5 64. Qh2+ Kg6 65. Bd4 Rf4 66. Qxf4 gxf4 67. Kh3 Kf5 68. Bc3 Kg5 69. Bd2 Kf5 70. Kh4 Ke5 71. Kg4 Ke6 72. Bxf4 Kf6 73. Be3 Ke6 74. f4 1-0


[Site "https://www.chess.com"]

[Event "Titled Tuesday Blitz May 2 Early 2023"]
[White "Riff, Vincent"]
[Black "Davtyan, David Arm."]
[WhiteFideId "617776"]
[BlackFideId "13310046"]
[WhiteElo "2369"]
[BlackElo "2274"]
[Result "1-0"]
[Round "04"]
[TimeControl "180+2"]
[Date "2023.05.02"]
[WhiteClock "0:01:33"]
[BlackClock "0:00:17"]

1. e4 Nc6 2. Bb5 Nd4 3. Bc4 e6 4. c3 Nc6 5. d4 d5 6. exd5 exd5 7. Bd3 Bd6 8. h3 Nge7 9. Qf3 Be6 10. Ne2 Ng6 11. O-O Qd7 12. Nf4 O-O-O 13. Nxe6 fxe6 14. Re1 Rdf8 15. Qg4 e5 16. Qxd7+ Kxd7 17. dxe5 Ncxe5 18. Bc2 c6 19. Be3 b6 20. b3 Re8 21. Nd2 Rhf8 22. Nf1 Kc7 23. a4 a5 24. Ng3 Re6 25. Nf5 Rf7 26. Nxd6 Rxd6 27. b4 axb4 28. cxb4 Nc4 29. Bd4 Rdd7 30. a5 bxa5 31. bxa5 Rfe7 32. a6 Rxe1+ 33. Rxe1 Kd6 34. a7 Rd8 35. Bxg7 c5 36. Ra1 Nf4 37. a8=Q Rxa8 38. Rxa8 d4 39. Bh6 Ne2+ 40. Kf1 Nc3 41. Bd3 Ne5 42. Bf4 c4 43. Bxc4 1-0


[Site "https://www.chess.com"]

[Event "Titled Tuesday Blitz May 2 Early 2023"]
[White "Dinu, Dumitru-Daniel"]
[Black "Girish, A. Koushik"]
[WhiteFideId "1208403"]
[BlackFideId "5038448"]
[WhiteElo "2240"]
[BlackElo "2398"]
[Result "0-1"]
[Round "04"]
[TimeControl "180+2"]
[Date "2023.05.02"]
[WhiteClock "0:00:04"]
[BlackClock "0:01:17"]

1. e4 e5 2. Nf3 Nc6 3. Bb5 a6 4. Ba4 d6 5. c3 Bd7 6. O-O g6 7. d4 Bg7 8. Re1 b5 9. Bc2 Nf6 10. Bg5 h6 11. Bh4 O-O 12. dxe5 dxe5 13. Bxf6 Bxf6 14. Nbd2 Be6 15. Bb3 Qe7 16. Bxe6 Qxe6 17. Qb3 Qe7 18. Nf1 Na5 19. Qc2 Rfd8 20. Ne3 c6 21. b4 Nb7 22. Rad1 Nd6 23. c4 Qe6 24. cxb5 Nxb5 25. Rc1 Nd4 26. Nxd4 exd4 27. Nf1 d3 28. Qd2 Rd4 29. Rc3 Rad8 30. Rec1 Qxe4 31. Rxc6 Bg5 32. Ne3 Rxb4 33. Rxa6 Bxe3 34. fxe3 Rc4 35. Rf1 Rc2 36. Qa5 Qxg2# 0-1


[Site "https://www.chess.com"]

[Event "Titled Tuesday Blitz May 2 Early 2023"]
[White "Munoz, Francisco Javier"]
[Black "Tymrakiewicz, Rafal"]
[WhiteFideId "128368"]
[BlackFideId "1108832"]
[WhiteElo "2383"]
[BlackElo "2151"]
[Result "1-0"]
[Round "04"]
[TimeControl "180+2"]
[Date "2023.05.02"]
[WhiteClock "0:00:04"]
[BlackClock "0:00:02"]

1. e4 Nf6 2. Nc3 d5 3. exd5 Nxd5 4. Nf3 Bg4 5. h3 Bh5 6. d4 e6 7. g4 Bg6 8. Ne5 Nxc3 9. bxc3 Be4 10. f3 Qh4+ 11. Ke2 Bc6 12. Be3 Bd6 13. Nxc6 Nxc6 14. Rb1 O-O 15. Rxb7 f5 16. Rg1 fxg4 17. Rxg4 Qf6 18. Bg2 Na5 19. Rb5 Nc4 20. Bg5 Qf7 21. Bh6 g6 22. Qd3 Na3 23. Ra5 Rfe8 24. f4 Rad8 25. h4 c6 26. h5 e5 27. hxg6 hxg6 28. Rxg6+ Kh8 29. Bg7+ Qxg7 30. Rxg7 Kxg7 31. Qg3+ Kf7 32. fxe5 Be7 33. Rxa7 Rg8 34. Qf2+ Ke6 35. Bxc6 Rdf8 36. Qh2 Nc4 37. Qh1 Ne3 38. Kxe3 Rg3+ 39. Kd2 Rf2+ 40. Kc1 Rgg2 41. Bxg2 Bg5+ 42. Kb1 Kf5 43. Qh3+ Kf4 44. Rf7+ 1-0


[Site "https://www.chess.com"]

[Event "Titled Tuesday Blitz May 2 Early 2023"]
[White "Borgaonkar Akshay"]
[Black "Marcziter, Dmitrii"]
[WhiteFideId "25639110"]
[BlackFideId "13900765"]
[WhiteElo "2063"]
[BlackElo "2162"]
[Result "1-0"]
[Round "04"]
[TimeControl "180+2"]
[Date "2023.05.02"]
[WhiteClock "0:00:05"]
[BlackClock "0:00:06"]

1. d4 d5 2. Nc3 Bf5 3. Bf4 c6 4. e3 e6 5. Nf3 Nf6 6. Ne5 Bb4 7. f3 h6 8. g4 Bh7 9. h4 Nfd7 10. a3 Bxc3+ 11. bxc3 Nxe5 12. Bxe5 f6 13. Bg3 Nd7 14. Qd2 Qe7 15. Rb1 b5 16. Bd3 Bxd3 17. Qxd3 O-O 18. O-O e5 19. e4 Nb6 20. Rfe1 Rae8 21. exd5 Nxd5 22. dxe5 fxe5 23. Rxe5 Qxa3 24. Rbe1 Rxe5 25. Bxe5 Qc5+ 26. Bd4 Qd6 27. Be5 Qc5+ 28. Kg2 a5 29. Kg3 a4 30. Qg6 Qe7 31. Qxc6 Qf7 32. Rf1 Re8 33. f4 Ne3 34. Rf3 Nxc2 35. g5 h5 36. g6 Qe6 37. Qe4 Qg4+ 38. Kf2 Qxh4+ 39. Kf1 Qh1+ 40. Kf2 Rd8 41. Rd3 Qh2+ 42. Kf1 Re8 43. Qd5+ Kh8 44. Bxg7+ Kxg7 45. Qf7+ Kh8 46. Qh7# 1-0


[Site "https://www.chess.com"]

[Event "Titled Tuesday Blitz May 2 Early 2023"]
[White "Rom, Jasper"]
[Black "Arkell, Keith C"]
[WhiteFideId "2023733"]
[BlackFideId "400270"]
[WhiteElo "2233"]
[BlackElo "2319"]
[Result "1-0"]
[Round "04"]
[TimeControl "180+2"]
[Date "2023.05.02"]
[WhiteClock "0:01:15"]
[BlackClock "0:01:34"]

1. e4 c6 2. d4 d5 3. Nd2 dxe4 4. Nxe4 Nd7 5. Bd3 Ngf6 6. Ng5 Nb6 7. N1f3 Bg4 8. h3 Bxf3 9. Nxf3 g6 10. O-O Bg7 11. Re1 O-O 12. Bg5 Qc7 13. Qe2 Rfe8 14. c4 e6 15. Rad1 c5 16. dxc5 Qxc5 17. b3 Nbd7 18. Be3 Qc7 19. Bg5 a5 20. Bc2 h6 21. Bh4 Rac8 22. Nd4 Qc5 23. Nb5 Red8 24. Nd6 Rc7 25. Nxf7 Rf8 26. Nd6 e5 27. Bxg6 Rc6 28. Nf5 Re6 29. Nxg7 Kxg7 30. Bf5 Rd6 31. Rxd6 Qxd6 32. Rd1 Qc6 33. Bxd7 Nxd7 34. Qg4+ 1-0


[Site "https://www.chess.com"]

[Event "Titled Tuesday Blitz May 2 Early 2023"]
[White "Simonian, Hrair"]
[Black "Bernat, David"]
[WhiteFideId "13302337"]
[BlackFideId "2099225"]
[WhiteElo "2447"]
[BlackElo "1862"]
[Result "1-0"]
[Round "04"]
[TimeControl "180+2"]
[Date "2023.05.02"]
[WhiteClock "0:00:16"]
[BlackClock "0:00:01"]

1. e4 c5 2. Nf3 g6 3. d4 cxd4 4. Qxd4 Nf6 5. Nc3 Nc6 6. Qa4 d6 7. Bf4 Bg7 8. e5 dxe5 9. Nxe5 O-O 10. Nxc6 bxc6 11. Bd3 Qb6 12. Qb3 Be6 13. Qxb6 axb6 14. a3 Nd5 15. Nxd5 Bxd5 16. O-O Bxb2 17. Rab1 Bxa3 18. Rxb6 Bc5 19. Rb7 Kg7 20. Re1 Bd6 21. Bxd6 exd6 22. c4 Ra3 23. Bf1 Bxc4 24. Bxc4 d5 25. Bf1 Rc3 26. Rc7 d4 27. Ree7 c5 28. g3 Kf6 29. Red7 Ke6 30. Kg2 f5 31. Rxh7 Rb8 32. Rhg7 Kf6 33. Rcf7+ Ke6 34. Rc7 Kf6 35. Rgd7 Rb2 36. Rd6+ Kg5 37. h4+ Kh6 38. Rcc6 Rcc2 39. Rxg6+ Kh7 40. Rgd6 Rxf2+ 41. Kg1 Rxf1+ 42. Kxf1 1-0


[Site "https://www.chess.com"]

[Event "Titled Tuesday Blitz May 2 Early 2023"]
[White "Kim, Sergey"]
[Black "Khromkin, Andrey"]
[WhiteFideId "13700570"]
[BlackFideId "4154126"]
[WhiteElo "2295"]
[BlackElo "2191"]
[Result "0-1"]
[Round "04"]
[TimeControl "180+2"]
[Date "2023.05.02"]
[WhiteClock "0:00:52"]
[BlackClock "0:00:45"]

1. d4 d5 2. c4 dxc4 3. e3 e5 4. Bxc4 exd4 5. exd4 Bd6 6. Nf3 Nf6 7. O-O O-O 8. h3 h6 9. Nc3 Nc6 10. Re1 Bf5 11. d5 Ne7 12. Nd4 Bh7 13. Qf3 Ng6 14. Nf5 Ne5 15. Rxe5 Bxe5 16. Bd2 Qd7 17. Bd3 a6 18. Re1 Rfe8 19. Bc2 Bxc3 20. Rxe8+ Rxe8 21. Bxc3 Bxf5 22. Bxf5 Qxd5 23. Qf4 Qd1+ 24. Kh2 Qd6 25. Qxd6 cxd6 26. f3 Nd5 27. Bd4 Nf4 28. Bb6 Re2 29. Kg3 g5 0-1


[Site "https://www.chess.com"]

[Event "Titled Tuesday Blitz May 2 Early 2023"]
[White "Filgueira, Hernan"]
[Black "Xie, Bryan"]
[WhiteFideId "101770"]
[BlackFideId "30941296"]
[WhiteElo "2363"]
[BlackElo "2033"]
[Result "1-0"]
[Round "04"]
[TimeControl "180+2"]
[Date "2023.05.02"]
[WhiteClock "0:00:54"]
[BlackClock "0:00:03"]

1. c4 e6 2. Nf3 d5 3. e3 Nf6 4. b3 Be7 5. Bb2 O-O 6. Qc2 b6 7. d4 Bb7 8. Nbd2 Nbd7 9. Bd3 h6 10. O-O c5 11. Rad1 cxd4 12. exd4 Rc8 13. a3 Qc7 14. Rfe1 Qb8 15. Qb1 Qa8 16. h3 Rfd8 17. Re3 Bd6 18. b4 Bf4 19. c5 Bxe3 20. fxe3 Qb8 21. Rf1 Qg3 22. Rf2 bxc5 23. dxc5 e5 24. Nf1 Qxf2+ 25. Kxf2 e4 26. Be2 exf3 27. gxf3 Re8 28. Ng3 g6 29. Qa1 Re6 30. Bd4 h5 31. h4 a6 32. Qc3 Kh7 33. Bd3 Nb8 34. Bxf6 1-0


[Site "https://www.chess.com"]

[Event "Titled Tuesday Blitz May 2 Early 2023"]
[White "Todorovic, Bojan"]
[Black "Golichenko, Ilija"]
[WhiteFideId "917087"]
[BlackFideId "14117223"]
[WhiteElo "2266"]
[BlackElo "2339"]
[Result "1-0"]
[Round "04"]
[TimeControl "180+2"]
[Date "2023.05.02"]
[WhiteClock "0:00:21"]
[BlackClock "0:00:06"]

1. d4 Nf6 2. c4 e6 3. Nf3 d5 4. Bg5 Nbd7 5. e3 c5 6. cxd5 exd5 7. Nc3 Qa5 8. Bb5 Ne4 9. O-O Nxc3 10. Bxd7+ Bxd7 11. bxc3 f6 12. Bf4 c4 13. e4 dxe4 14. Nd2 Qd5 15. Nxe4 O-O-O 16. f3 f5 17. Nd2 h6 18. Re1 g5 19. Be5 Rg8 20. Bf6 Re8 21. Rxe8+ Bxe8 22. Qe2 Bc6 23. Qxc4 g4 24. Qxd5 Bxd5 25. f4 h5 26. c4 Bf7 27. d5 Bc5+ 28. Kf1 Be3 29. Nb3 Bxf4 30. g3 Bh6 31. Re1 Re8 32. Be5 b5 33. Nd4 bxc4 34. Nxf5 Bd2 35. Nd6+ Kd7 36. Nxe8 Bxe8 37. Rb1 c3 38. Rb7+ Kc8 39. Rc7+ Kd8 40. d6 Bb5+ 41. Kf2 Bd3 42. Bf6+ Ke8 43. d7+ Kf7 1-0


[Site "https://www.chess.com"]

[Event "Titled Tuesday Blitz May 2 Early 2023"]
[White "Van Foreest, Machteld"]
[Black "Lenaerts, Lennert"]
[WhiteFideId "1051563"]
[BlackFideId "211435"]
[WhiteElo "2018"]
[BlackElo "2334"]
[Result "0-1"]
[Round "04"]
[TimeControl "180+2"]
[Date "2023.05.02"]
[WhiteClock "0:00:16"]
[BlackClock "0:01:10"]

1. e4 e5 2. Nf3 Nc6 3. Bc4 Bc5 4. d3 Nf6 5. O-O O-O 6. Bg5 h6 7. Bh4 Be7 8. c3 d6 9. Nbd2 a6 10. a4 Be6 11. Re1 Qd7 12. d4 exd4 13. cxd4 d5 14. exd5 Nxd5 15. Bxe7 Ncxe7 16. Ne5 Qd8 17. Ne4 Nf4 18. Bxe6 Nxe6 19. Qb3 Qd5 20. Qxd5 Nxd5 21. Nc5 b6 22. Nxe6 fxe6 23. Rac1 Rad8 24. Rc6 Rd6 25. Rxd6 cxd6 26. Nd7 Rd8 27. Nxb6 Nxb6 28. Rxe6 Nxa4 29. b3 Nc3 30. Re7 Rb8 31. g3 Rxb3 32. Rd7 Nb5 0-1


[Site "https://www.chess.com"]

[Event "Titled Tuesday Blitz May 2 Early 2023"]
[White "Fernandez Garcia, Gumersindo"]
[Black "Malek, Jan"]
[WhiteFideId "24516740"]
[BlackFideId "21864080"]
[WhiteElo "2093"]
[BlackElo "2255"]
[Result "0-1"]
[Round "04"]
[TimeControl "180+2"]
[Date "2023.05.02"]
[WhiteClock "0:00:11"]
[BlackClock "0:01:14"]

1. d4 f5 2. c4 Nf6 3. Nc3 g6 4. h4 d6 5. h5 Nxh5 6. Rxh5 gxh5 7. e3 Bg7 8. Qxh5+ Kf8 9. Nh3 Qe8 10. Qf3 c6 11. Bd3 Qg6 12. Nf4 Qg4 13. Qxg4 fxg4 14. d5 Na6 15. Bd2 Nc5 16. Bc2 a5 17. O-O-O Bd7 18. Rh1 Be5 19. Nce2 Kf7 20. Bxh7 Bf5 21. Bxf5 Rxh1+ 22. Kc2 cxd5 23. cxd5 b5 24. Bxg4 b4 25. Ng3 Ra1 26. Bh5+ Kg8 27. Bg4 Rxa2 28. Bc1 b3+ 29. Kb1 a4 30. Nf5 a3 31. Nd4 axb2 32. Bxb2 Na4 33. Be6+ Kh7 34. Bf5+ Kh6 35. Nd3 Nxb2 36. Nxe5 dxe5 37. Nxb3 Nc4 38. f4 Rb2+ 39. Kc1 Rxb3 0-1


[Site "https://www.chess.com"]

[Event "Titled Tuesday Blitz May 2 Early 2023"]
[White "Piesik, Piotr"]
[Black "Kalajzic, Ivan"]
[WhiteFideId "1136194"]
[BlackFideId "14506378"]
[WhiteElo "2299"]
[BlackElo "2203"]
[Result "1-0"]
[Round "04"]
[TimeControl "180+2"]
[Date "2023.05.02"]
[WhiteClock "0:00:50"]
[BlackClock "0:00:15"]

1. Nf3 Nc6 2. g3 e5 3. d3 Bc5 4. Bg2 d6 5. O-O Bg4 6. c3 Qd7 7. d4 Bb6 8. dxe5 dxe5 9. Qxd7+ Bxd7 10. Na3 f6 11. Nc4 Nge7 12. e4 Na5 13. Nxa5 Bxa5 14. Be3 Bb6 15. Bxb6 axb6 16. Rfd1 Bg4 17. Rd3 Rd8 18. Rxd8+ Kxd8 19. Nd2 Be6 20. Bf1 c5 21. Bc4 Bxc4 22. Nxc4 Kc7 23. Rd1 Nc8 24. a4 Rd8 25. Rxd8 Kxd8 26. Kg2 Kc7 27. Kf3 Kc6 28. Kg4 b5 29. axb5+ Kxb5 30. b3 g6 31. f4 exf4 32. gxf4 Kc6 33. f5 b5 34. Ne3 Kd6 35. Kf4 g5+ 36. Kf3 Ne7 37. h4 h6 38. Ng4 Ng8 39. h5 Ke7 40. Ke3 Kf7 41. b4 cxb4 42. cxb4 Kg7 43. Kd4 Ne7 44. Kc5 Nc8 45. Nf2 Kf7 46. Kxb5 Nd6+ 47. Kc5 Ke7 48. Kd5 Nb5 49. Ng4 Nc3+ 50. Kc6 Nxe4 51. b5 Nd6 52. Nxh6 Nc4 53. Ng4 Ne5+ 54. Nxe5 fxe5 55. Kd5 Kf6 56. Ke4 g4 57. b6 Kg5 58. b7 g3 59. b8=Q Kh4 60. Qg8 Kh3 61. Kf3 g2 62. Qg3# 1-0


[Site "https://www.chess.com"]

[Event "Titled Tuesday Blitz May 2 Early 2023"]
[White "Blokhin, Sofia"]
[Black "Girya, Olga"]
[WhiteFideId "4508190"]
[BlackFideId "4195752"]
[WhiteElo "1994"]
[BlackElo "2263"]
[Result "0-1"]
[Round "04"]
[TimeControl "180+2"]
[Date "2023.05.02"]
[WhiteClock "0:00:29"]
[BlackClock "0:00:39"]

1. d4 Nf6 2. c4 e6 3. Nc3 d5 4. cxd5 exd5 5. Bf4 Bd6 6. g3 O-O 7. e3 c5 8. Nf3 Nc6 9. dxc5 Bxc5 10. Bd3 d4 11. exd4 Re8+ 12. Kf1 Bh3+ 13. Kg1 Nxd4 14. Na4 Nxf3+ 15. Qxf3 Bg4 16. Qg2 Bxf2+ 17. Qxf2 Qxd3 18. Nc5 Qd5 19. h3 Re2 0-1


[Site "https://www.chess.com"]

[Event "Titled Tuesday Blitz May 2 Early 2023"]
[White "Ismagilov, Damir"]
[Black "Singh, Arvinder Preet"]
[WhiteFideId "34199982"]
[BlackFideId "5013240"]
[WhiteElo "2078"]
[BlackElo "2124"]
[Result "0-1"]
[Round "04"]
[TimeControl "180+2"]
[Date "2023.05.02"]
[WhiteClock "0:00:10"]
[BlackClock "0:00:16"]

1. d4 Nf6 2. Nf3 g6 3. Nbd2 d5 4. b3 Bg7 5. Bb2 O-O 6. e3 c5 7. dxc5 Qa5 8. Be2 Na6 9. a3 Qxc5 10. O-O Bf5 11. c4 Rfd8 12. Rc1 Qb6 13. b4 dxc4 14. Bxc4 Ne4 15. Bxg7 Kxg7 16. Qb3 Nxd2 17. Nxd2 Qf6 18. Nf3 Rac8 19. Nd4 Be4 20. f3 Bf5 21. Rfd1 Nc7 22. Qb2 Bd7 23. Qf2 e5 24. Nb3 Bb5 25. Qe2 Rxd1+ 26. Rxd1 Qb6 27. Nc5 Ne6 28. Bxb5 Nxc5 29. bxc5 Rxc5 30. Bd3 Rc3 31. h4 Rxa3 32. h5 Qb3 33. Kf2 Ra2 34. Rd2 Ra1 35. Bc4 Qb6 36. Rd7 Rb1 37. Rxf7+ Kh6 38. Rd7 Qf6 39. g3 Qf5 40. Kg2 Qxd7 41. Bd3 Rb3 42. Be4 Qb5 43. Qd1 Rb2+ 44. Kh3 Qe2 45. Qxe2 Rxe2 46. g4 Rxe3 47. Kh4 g5+ 48. Kg3 Rxe4 49. fxe4 a5 0-1


[Site "https://www.chess.com"]

[Event "Titled Tuesday Blitz May 2 Early 2023"]
[White "Torres Dominguez, David"]
[Black "Popilski, Gil"]
[WhiteFideId "2220857"]
[BlackFideId "2809060"]
[WhiteElo "1999"]
[BlackElo "2537"]
[Result "0-1"]
[Round "04"]
[TimeControl "180+2"]
[Date "2023.05.02"]
[WhiteClock "0:00:07"]
[BlackClock "0:00:33"]

1. e4 e5 2. Bc4 Nf6 3. Nc3 Bb4 4. Nf3 O-O 5. d3 Re8 6. h3 c6 7. Bg5 h6 8. Bh4 d5 9. exd5 cxd5 10. Bb5 Nc6 11. Bxf6 Qxf6 12. O-O Bxc3 13. bxc3 e4 14. Nd4 Nxd4 15. cxd4 Re7 16. dxe4 dxe4 17. Qd2 Bf5 18. Rae1 Rd8 19. c3 Rd6 20. Ba4 Qh4 21. Re3 Rg6 22. Kh2 h5 23. f3 Bxh3 24. Rg1 Bc8# 0-1


[Site "https://www.chess.com"]

[Event "Titled Tuesday Blitz May 2 Early 2023"]
[White "Jimenez Fernandez, Rebeca"]
[Black "Swiercz, Dariusz"]
[WhiteFideId "32070934"]
[BlackFideId "1126881"]
[WhiteElo "2008"]
[BlackElo "2620"]
[Result "0-1"]
[Round "04"]
[TimeControl "180+2"]
[Date "2023.05.02"]
[WhiteClock "0:00:24"]
[BlackClock "0:01:38"]

1. e4 e5 2. d4 exd4 3. Qxd4 Nc6 4. Qe3 Bb4+ 5. Nc3 Nge7 6. Bd2 O-O 7. O-O-O d6 8. f4 Re8 9. Bc4 Be6 10. Nd5 Nxd5 11. exd5 Bxd5 12. Qb3 Bxd2+ 13. Kxd2 Na5 14. Bxd5 Nxb3+ 15. Bxb3 Qf6 16. Kc1 Qxf4+ 17. Kb1 Re7 18. Nh3 Qg4 19. a3 Rae8 20. Rdf1 c6 21. Nf4 d5 22. h3 Qg3 23. Nh5 Qh4 24. g4 Re1+ 25. Ka2 Rxf1 26. Rxf1 Qxh3 0-1


[Site "https://www.chess.com"]

[Event "Titled Tuesday Blitz May 2 Early 2023"]
[White "Terry, Renato"]
[Black "Risteski, Emil"]
[WhiteFideId "3803457"]
[BlackFideId "15005267"]
[WhiteElo "2575"]
[BlackElo "2251"]
[Result "1-0"]
[Round "04"]
[TimeControl "180+2"]
[Date "2023.05.02"]
[WhiteClock "0:00:05"]
[BlackClock "0:00:04"]

1. e4 d6 2. d4 Nf6 3. Nc3 e5 4. Nf3 Nbd7 5. Bc4 Be7 6. O-O c6 7. a4 h6 8. Re1 Qc7 9. Nh4 Nf8 10. d5 Bd7 11. Nf5 Bxf5 12. exf5 N8d7 13. a5 O-O 14. Qf3 Rab8 15. Rd1 b5 16. axb6 Nxb6 17. Bb3 cxd5 18. Bxd5 Nbxd5 19. Nxd5 Nxd5 20. Qxd5 Qxc2 21. Rxa7 Bg5 22. Bxg5 hxg5 23. Qxd6 Qxf5 24. h3 g6 25. Qd2 g4 26. hxg4 Qxg4 27. Rd7 Rb6 28. Qh6 Rbb8 29. R7d3 Qh5 30. Qd2 Qf5 31. b4 Qf4 32. Qxf4 exf4 33. Rd4 g5 34. Rc1 Rb5 35. Rc5 Rxc5 36. bxc5 Rc8 37. Rc4 f6 38. Kh2 Kf7 39. Kh3 f5 40. Kh2 Ke6 41. Rc1 Rc6 42. Re1+ Kd5 43. Re8 Rxc5 44. Rg8 g4 45. Re8 Kd6 46. f3 g3+ 47. Kh3 Rc2 48. Re1 Rf2 49. Re8 Rf1 50. Kh4 Rg1 51. Kg5 Rxg2 52. Kxf4 Rf2 53. Kxg3 Rf1 54. Kf4 Kd7 55. Re3 Kd6 56. Kxf5 Kd7 57. f4 Kd8 58. Kg5 Rg1+ 59. Kf6 Rh1 60. f5 Rh6+ 61. Kg7 Rb6 62. f6 1-0


[Site "https://www.chess.com"]

[Event "Titled Tuesday Blitz May 2 Early 2023"]
[White "Rodshtein, Maxim"]
[Black "Garv Gaur"]
[WhiteFideId "2806851"]
[BlackFideId "45030839"]
[WhiteElo "2555"]
[BlackElo "2068"]
[Result "1-0"]
[Round "04"]
[TimeControl "180+2"]
[Date "2023.05.02"]
[WhiteClock "0:00:12"]
[BlackClock "0:00:01"]

1. e4 g6 2. d4 Bg7 3. Nc3 d5 4. exd5 Nf6 5. Nf3 O-O 6. Be2 Nxd5 7. Nxd5 Qxd5 8. c4 Qd8 9. O-O c6 10. h3 Nd7 11. Bf4 c5 12. d5 Bxb2 13. Rb1 Bg7 14. Qd2 Nb6 15. Bh6 Bf5 16. Rb3 Qd6 17. Re1 Rad8 18. g4 Bc8 19. Bxg7 Kxg7 20. Qa5 Nd7 21. Qxa7 e6 22. dxe6 Qxe6 23. Re3 Qf6 24. Qa3 h6 25. Bf1 b6 26. Qa7 Qd6 27. Rd3 Qb8 28. Qa3 Nf6 29. Rde3 Qf4 30. Qb2 g5 31. Bg2 Kg8 32. Ne5 Be6 33. Nc6 Nxg4 34. hxg4 Rd4 35. Nxd4 cxd4 36. Re4 Qc7 37. Qxd4 Rd8 38. Qf6 Rd2 39. Rxe6 fxe6 40. Rxe6 Rd1+ 41. Bf1 Qc5 42. Re8+ Kh7 43. Rh8# 1-0


[Site "https://www.chess.com"]

[Event "Titled Tuesday Blitz May 2 Early 2023"]
[White "Bilan, Danila"]
[Black "Postny, Evgeny"]
[WhiteFideId "24161918"]
[BlackFideId "2804344"]
[WhiteElo "2182"]
[BlackElo "2504"]
[Result "0-1"]
[Round "04"]
[TimeControl "180+2"]
[Date "2023.05.02"]
[WhiteClock "0:00:01"]
[BlackClock "0:00:10"]

1. d4 Nf6 2. Nf3 c5 3. e3 g6 4. Be2 Bg7 5. O-O cxd4 6. exd4 O-O 7. Bg5 d5 8. c3 Ne4 9. Bh4 Nd7 10. Nbd2 Nd6 11. Bd3 Nf6 12. Re1 Bf5 13. Bxf5 Nxf5 14. Bg5 Qc7 15. Ne5 Rae8 16. Qa4 a6 17. Qb3 e6 18. a4 h6 19. Bf4 Nh5 20. Bg3 Nhxg3 21. hxg3 Kh7 22. a5 f6 23. Nd3 Rf7 24. Qb6 Qc8 25. Nf4 Rfe7 26. Re2 g5 27. Nh5 Bh8 28. g4 Nh4 29. Rae1 Ng6 30. g3 Nf8 31. Nb3 Kg6 32. Nc5 Kf7 33. Qb3 Qc6 34. Qc2 e5 35. b4 Ng6 36. Qf5 Qc8 37. Qxc8 Rxc8 38. f3 Bg7 39. Kg2 Bf8 40. f4 gxf4 41. gxf4 exf4 42. Rxe7+ Bxe7 43. Rf1 Bxc5 44. dxc5 f3+ 45. Rxf3 Nh4+ 0-1


[Site "https://www.chess.com"]

[Event "Titled Tuesday Blitz May 2 Early 2023"]
[White "Hua, Lefong"]
[Black "Korelskiy, Egor"]
[WhiteFideId "2602253"]
[BlackFideId "34329064"]
[WhiteElo "2305"]
[BlackElo "2186"]
[Result "1-0"]
[Round "04"]
[TimeControl "180+2"]
[Date "2023.05.02"]
[WhiteClock "0:00:21"]
[BlackClock "0:00:03"]

1. d4 d5 2. c4 e6 3. Nc3 c6 4. e3 Bd6 5. Nf3 f5 6. Bd3 Nf6 7. O-O O-O 8. b3 Ne4 9. Ne2 Nd7 10. Bb2 Qf6 11. Qc2 g5 12. g3 h5 13. a4 a5 14. Ba3 Bxa3 15. Rxa3 h4 16. gxh4 g4 17. Bxe4 fxe4 18. Ng5 Qh6 19. Nf4 Nf6 20. Ng2 Ne8 21. Qd1 Ng7 22. Kh1 Qh5 23. Ra2 Nf5 24. h3 Nxh4 25. Qxg4 Qxg4 26. hxg4 Ng6 27. Kh2 e5 28. Kg3 exd4 29. exd4 Rf6 30. f4 exf3 31. Rxf3 Rxf3+ 32. Kxf3 Bd7 33. Re2 Rf8+ 34. Kg3 Rf1 35. c5 Rb1 36. Re3 Rd1 37. Nf3 Rb1 38. Nf4 Nxf4 39. Kxf4 Rg1 40. Nxg1 1-0


[Site "https://www.chess.com"]

[Event "Titled Tuesday Blitz May 2 Early 2023"]
[White "Shukhman, Anna"]
[Black "Veiga, Jose Francisco R P Neves"]
[WhiteFideId "54180058"]
[BlackFideId "1930087"]
[WhiteElo "2125"]
[BlackElo "2320"]
[Result "1-0"]
[Round "04"]
[TimeControl "180+2"]
[Date "2023.05.02"]
[WhiteClock "0:00:59"]
[BlackClock "0:00:07"]

1. e4 Nc6 2. Nf3 e5 3. Bb5 Nge7 4. O-O g6 5. d4 exd4 6. c3 Bg7 7. cxd4 d5 8. e5 O-O 9. h3 a6 10. Ba4 f6 11. Re1 fxe5 12. dxe5 h6 13. Nc3 Be6 14. Bb3 Qd7 15. Ne4 b6 16. Nf6+ Bxf6 17. exf6 Rxf6 18. Bxh6 Bxh3 19. Ne5 Nxe5 20. Rxe5 Be6 21. Bg5 Rf5 22. Qe2 Rxe5 23. Qxe5 Nc6 24. Qg3 Bf7 25. Qh4 Be6 26. Re1 Re8 27. Bf6 Qh7 28. Bxd5 Qxh4 29. Bxh4 Nd4 30. Bf6 Bxd5 31. Rxe8+ Kf7 32. Rd8 Ne2+ 33. Kh2 c6 34. Bg5 b5 35. Ra8 Bxa2 36. Rxa6 Bd5 37. Ra7+ Ke6 38. Re7+ Kf5 39. Rxe2 Kxg5 40. Kg3 Kf5 41. f4 b4 42. Re5+ Kf6 43. Kf2 b3 44. g4 Bh1 45. g5+ Kf7 46. Ke3 Bd5 47. Kd4 Bh1 48. Kc5 Bf3 49. Kd6 Bg2 50. Re7+ Kf8 51. Ke6 Bd5+ 52. Kf6 c5 53. Re5 1-0


[Site "https://www.chess.com"]